 Dungeon Crawl Stone Soup version 0.31-a0-364-gb59cdcccf2 (webtiles) character file.

Game seed: 4999221520901225663

184 floatRand the Ruffian (level 5, -4/21 HPs)
             Began as a Draconian Shapeshifter on July 27, 2023.
             Killed by divine providence
             ... invoked by an orc priest
              (15 damage)
             ... on level 3 of the Dungeon.
             The game lasted 00:03:10 (1700 turns).

floatRand the Ruffian (Draconian Shapeshifter)      Turns: 1700, Time: 00:03:12

Health: -4/21      AC:  5    Str: 19    XL:     5   Next: 36%
Magic:  5/5        EV: 12    Int:  9    God:
Gold:   184        SH:  0    Dex: 11    Spells: 4/4 levels left

rFire   . .          .
                       - Unarmed
rCold   . . .        (no shield)
rNeg    . . .        (body armour unavailable)
rPois   .            (helmet restricted)
rElec   .            (no cloak)
rCorr   .            (no gloves)
SInv    .            (no boots)
Will    .....        (no amulet)
Stlth   +            (no ring)
HPRegen 0.23/turn    (no ring)
MPRegen 0.09/turn

%: no passive effects
@: maw-form
A: devouring maw, reduced hp, AC +5, unfitting armour, cold-blooded
a: Begin Untransformation


You were on level 3 of the Dungeon.
You were a creature with a mouth for a stomach.
You visited 1 branch of the dungeon, and saw 3 of its levels.

You collected 184 gold pieces.

Inventory:

Armour
 f - a +0 cloak
Talismans
 b - a beast talisman
 l - a maw talisman
Wands
 n - a wand of polymorph (4)
Scrolls
 e - a scroll of noise {unknown}
 h - a scroll of teleportation {unknown}
 j - a scroll of enchant weapon {unknown}
 k - a scroll of poison {unknown}
 m - a scroll of fog {unknown}
 o - a scroll of fear {unknown}
Potions
 a - a potion of lignification
 c - 3 potions of curing
 d - a potion of mutation
 g - a potion of enlightenment {unknown}


   Skills:
 - Level 1.1 Fighting
 - Level 1.7 Dodging
 + Level 4.8 Unarmed Combat
 + Level 4.3 Shapeshifting


You had 4 spell levels left.
You didn't know any spells.
Your spell library contained the following spells:

 Spells                   Type           Power      Damage    Failure   Level
 Ozocubu's Armour         Ice            0%         N/A       77%         3
 Ozocubu's Refrigeration  Ice            0%         4d7       100%        7


Dungeon Overview and Level Annotations

Branches:
Dungeon (3/15)

Altars:
Gozag


Innate Abilities, Weirdness & Mutations

You are a creature with a mouth for a stomach.
Your midsection houses a second, enormous mouth.
Your maximum health is decreased, since you lack skill for your form.
Your plain brown scales are hard. (AC +5)
You cannot fit into any form of body armour.
You are cold-blooded and may be slowed by cold attacks.


Message History

The orc wizard hits you but does no damage.
You are poisoned.
Unknown command.
You closely miss the orc wizard. Your bite misses the orc wizard.
The orc wizard is moderately wounded.
You feel sick.
The orc priest mumbles some strange prayers to Beogh against you.
Beogh smites you!
Ouch! That really hurt!
* * * LOW HITPOINT WARNING * * *
You barely miss the orc.
* * * LOW HITPOINT WARNING * * *
You feel sick.
The orc priest looks braver for a moment.
The orc wizard casts a spell.
The orc wizard flickers and vanishes!
Deactivating autopickup; reactivate with Ctrl-A.
You barely miss the orc.
Your tail-slap misses the orc.
Your bite misses the orc.
* * * LOW HITPOINT WARNING * * *
You feel sick. The orc completely misses you.
You feel better. The orc barely misses you.
Unknown command.
Unknown command.
Unknown command.
You hit the orc.
Your tail-slap misses the orc.
The orc is moderately wounded.
The orc hits you but does no damage.
The orc priest casts a cantrip, but nothing happens.
You barely miss the orc.
Your tail-slap misses the orc.
Your bite misses the orc.
The orc is moderately wounded.
The orc closely misses you.
You barely miss the orc. You tail-slap the orc.
You devour the orc!
You feel better.
You kill the orc!
The orc priest mumbles some strange prayers to Beogh against you.
Beogh smites you!
Ouch! That really hurt!
You die...

##.......###)# ....#
##.....####.###...#
##.[.###.....# ..#
##+# #.#.### .# #.#
#.._..# # #.#
###.#.# ##### ##.##
#.....#
...oo{##...#####.###
#.oW....# #.#.#
#.##...## #...# #
##.########.#
#........<.#
############


You could see an orc priest and 2 orcs.

Vanquished Creatures
  Terence (D:2)
  Natasha (thrice) (D:2)
  3 adders (D:2)
  A dart slug (D:1)
  An orc (D:3)
  2 ball pythons
  4 endoplasms
  3 giant cockroaches
  7 goblins
  4 hobgoblins
  4 jackals (D:1)
  6 kobolds (D:1)
  4 quokkas
  9 bats
  3 frilled lizards (D:1)
  3 rats (D:1)
58 creatures vanquished.

Notes
Turn   | Place    | Note
-------+----------+-------------------------------------------
     0 | D:1      | floatRand the Draconian Shapeshifter began the quest for
                  | the Orb.
     0 | D:1      | Reached XP level 1. HP: 16/16 MP: 1/1
   110 | D:1      | Reached XP level 2. HP: 23/23 MP: 2/2
   377 | D:1      | Reached XP level 3. HP: 28/28 MP: 3/3
   905 | D:2      | Noticed Terence
   914 | D:2      | Killed Terence
   915 | D:2      | Reached XP level 4. HP: 18/35 MP: 4/4
  1249 | D:2      | Noticed Natasha
  1256 | D:2      | Killed Natasha
  1377 | D:2      | Noticed Natasha
  1393 | D:2      | Killed Natasha
  1394 | D:2      | Reached XP level 5. HP: 21/40 MP: 5/5
  1426 | D:2      | Noticed Natasha
  1437 | D:2      | Killed Natasha
  1646 | D:3      | Found an opulent altar of Gozag.
  1700 | D:3      | Killed from afar by an orc priest

Illustrated notes

Levels and vault maps discovered:
D:1:      minmay_arrival_doors, layout_basic, hex_intersection,
          amethyst_killhole, minmay_unequal
D:2:      layout_loops_ring, nicolae_underground_beach, uniq_natasha,
          uniq_terence
D:3:      minmay_evil_eye, layout_loops_corners,
          nicolae_gozag_cash_rules_everything_around_me,
          ebering_ecumenical_altar_mist, portal_sewer_entry_d,
          hellmonk_ghost_happy_afterlife

Skill      XL: |  1  2  3  4 |
---------------+-------------+-----
Unarmed Combat | 4 |  4.8
Shapeshifting  | 4 |  4.3
Fighting       | |  1.1
Dodging        | |  1.7

Action                     |  1- 3 |  4- 6 || total
---------------------------+-------+-------++-------
  Melee: Unarmed           |   114 |    56 ||   170
         Punch             |     4 |     2 ||     6
         Tailslap          |     9 |     4 ||    13
    Use: Scroll            |       |     2 ||     2
         Potion            |       |     1 ||     1
   Stab: Sleeping          |     3 |       ||     3
 Armour: Skin              |    39 |    11 ||    50
  Dodge: Dodged            |    79 |    33 ||   112
   Form: Maw               |       |     1 ||     1

Table legend: (Time is in decaauts)
 A = Elapsed time spent in this place.
 B = Non-inter-level travel time spent in this place.
 C = Inter-level travel time spent in this place.
 D = Time resting spent in this place.
 E = Time spent auto-exploring this place.
 F = Levels seen in this place.
 G = Mean time per level.
                   A        B        C        D        E       F      G
               +--------+--------+--------+--------+--------+-----+--------+
         Total |   1688 |   1639 |     49 |      8 |   1188 |   3 |  562.7 |
       Dungeon |   1688 |   1639 |     49 |      8 |   1188 |   3 |  562.7 |
               +--------+--------+--------+--------+--------+-----+--------+

Top non-repeatable levels by time:
     D:2: 858 daAuts
     D:1: 752 daAuts
     D:3: 76 daAuts
